 Dungeon Crawl Stone Soup version 0.28.0-53-g5a82cb258f (webtiles) character file.

Game seed: 4902590588075058949

44 Acheron the Conjurer (level 3, -3/32 HPs)
             Began as a Troll Conjurer on Sept 2, 2022.
             Slain by a gnoll
             ... wielding a +0 club
              (5 damage)
             ... on level 2 of the Dungeon.
             The game lasted 00:03:46 (725 turns).

Acheron the Conjurer (Troll Conjurer)                Turns: 725, Time: 00:03:47

Health: -3/32      AC:  8    Str: 15    XL:     3   Next: 41%
Magic:  4/4        EV: 10    Int: 14    God:
Gold:   60         SH:  0    Dex: 10    Spells: 3/4 levels left

rFire   . . .      SeeInvis .     - Unarmed
rCold   . . .      Faith    .   (no shield)
rNeg    . . .      Spirit   .   a - +0 robe
rPois   .          Reflect  .   (helmet restricted)
rElec   .          Harm     .   (no cloak)
rCorr   .          Rampage  .   (gloves unavailable)
Will    .....                   (boots unavailable)
Stlth   +.........              (no amulet)
HPRegen 0.90/turn               d - +4 ring of protection
MPRegen 0.09/turn               (no ring)

@: lethally poisoned (-3 -> -8)
A: large, unfitting armour, claws 3, regeneration 1, shaggy fur 1, tough skin 1
a: no special abilities


You were on level 2 of the Dungeon.
You visited 1 branch of the dungeon, and saw 2 of its levels.

You collected 60 gold pieces.

Inventory:

Hand Weapons
 e - a +0 vampiric whip
Missiles
 b - a throwing net
Armour
 a - a +0 robe (worn)
Jewellery
 d - a +4 ring of protection (left claw)
Potions
 c - a potion of heal wounds {unknown}


   Skills:
 * Level 0.5 Fighting
 * Level 1.8 Dodging
 * Level 1.1 Stealth
 * Level 1.2 Unarmed Combat
 * Level 1.4 Spellcasting
 + Level 3.3 Conjurations


You had 3 spell levels left.
You knew the following spells:

 Your Spells              Type           Power      Damage    Failure   Level
a - Magic Dart            Conj           40%        1d5       6%          1

Your spell library contained the following spells:

 Spells                   Type           Power      Damage    Failure   Level
 Searing Ray              Conj           20%        2d5       10%         2
 Dazzling Flash           Conj/Hex       10%        N/A       36%         3
 Fulminant Prism          Conj/Hex       2%         3d6       77%         4
 Iskenderun's Mystic Bla  Conj/Tloc      5%         2d3       77%         4


Dungeon Overview and Level Annotations

Branches:
Dungeon (2/15)

Altars:
Vehumet

Annotations:
D:2 Jessica


Innate Abilities, Weirdness & Mutations

You are too large for most types of armour.
You have claws for hands.
Your natural rate of healing is unusually fast.
You are covered in fur. (AC +1)
You have tough skin. (AC +1)


Message History

A ball python comes into view.
The ball python hisses angrily.
The ball python closely misses you.
You scratch the ball python.
The ball python is heavily wounded.
The ball python completely misses you.
You closely miss the ball python.
The ball python is heavily wounded.
The ball python bites you.
The ball python bites you but does no damage.
You scratch the ball python.
You kill the ball python! 2 gnolls and an endoplasm come into view.
A gnoll is wielding a +1 halberd of venom and quivering poisoned darts.
The gnoll shouts! x2
Jessica the Apprentice Sorceress comes into view.
She is wielding a +0 long sword.
You scratch the gnoll.
The gnoll is lightly wounded.
The gnoll hits you but does no damage.
You claw the gnoll!
The gnoll is severely wounded.
The gnoll hits you from afar with a +1 halberd of venom.
You are poisoned.
The gnoll hits you with a +0 club!
You scratch the gnoll but do no damage.
The gnoll is severely wounded.
You feel very sick.
The gnoll hits you from afar with a +1 halberd of venom.
You are lethally poisoned!
The gnoll closely misses you.
* * * LOW HITPOINT WARNING * * *
You feel very sick.
* * * LOW HITPOINT WARNING * * *
You feel very sick.
You completely miss the gnoll.
The gnoll is severely wounded.
* * * LOW HITPOINT WARNING * * *
You feel very sick. The gnoll hits you with a +0 club.
You die...

.######## ........# # #.
........# # .###.
........# .#..##...
...†....#.. .#..##...
........#.#
#####........gg
........#.#
#...........#..####.
........#.#
#.#.................
.########.# #.#@# ##
#...<... .# #.# #.#g#
.......##### .########.#
#.#g# ....... ..........#
#.#.# ...>...
.#######..####.#.#..$....
.#....................?@
....###..#####.#.#...g..
....# #..........#......
....###.#..##.#### .....


You could see 2 gnolls.

Vanquished Creatures
  An adder (D:2)
  A worm (D:2)
  5 endoplasms
  A giant cockroach (D:2)
  4 goblins
  4 hobgoblins (D:1)
  2 jackals (D:1)
  3 ball pythons
  3 bats
  A frilled lizard (D:1)
  3 kobolds
  2 rats
30 creatures vanquished.

Notes
Turn   | Place    | Note
-------+----------+-------------------------------------------
     0 | D:1      | Acheron the Troll Conjurer began the quest for the Orb.
     0 | D:1      | Reached XP level 1. HP: 16/16 MP: 1/1
    24 | D:1      | Reached skill level 3 in Conjurations
    97 | D:1      | Reached XP level 2. HP: 24/24 MP: 2/2
   388 | D:2      | Reached XP level 3. HP: 25/32 MP: 2/4
   425 | D:2      | Found a radiant altar of Vehumet.
   493 | D:2      | Reached skill level 1 in Unarmed Combat
   554 | D:2      | Found a faded altar of an unknown god.
   712 | D:2      | Noticed Jessica
   725 | D:2      | Slain by a gnoll

Illustrated notes

Levels and vault maps discovered:
D:1:      psy_arrival_dodecagon, layout_rooms
D:2:      layout_basic, basic_ecumenical_altar, basic_altar,
          hangedman_decor_push, uniq_jessica

Skill      XL: |  1  2  3 |
---------------+----------+-----
Conjurations   | 3 |  3.3
Unarmed Combat | 1 |  1.2
Fighting       | |  0.5
Dodging        | |  1.8
Stealth        | |  1.1
Spellcasting   | |  1.4

Action                   || total
-------------------------++-------
Melee: Unarmed           ||   104
 Stab: Sleeping          ||     1
Armor: Robe              ||    38
Dodge: Dodged            ||    45
